cohdb
Replays
Latest Replays
All Replays
Popular Replays
Top Player Replays
Match Explorer
How It Works
Community
CoH3 Stats
Reddit
Sign in to upload your games and track your stats! →
Sign in with Steam
Match 40227336
Unlisted
Match 40227336
Overview
Messages
Build Orders
End
Kradschützen Motorcycle Team
Selects Italian Combined Arms Battlegroup
Selects Bersaglieri Squad
Bersaglieri Squad
Bersaglieri Squad
Bersaglieri Squad
Construct Light Support Kompanie
Selects Bersaglieri Bolster
2.5-tonne Medical Truck
Bersaglieri Squad
Selects Breda Model 30 Light Machine Guns
Panzerjäger Mechanized Group
Selects Semovente da 75/18 Assault Gun
Construct Mechanized Kompanie
Construct Panzerarmee Kommand
Armored Reserves
Selects Strafing Run
Selects Carro Armato M13/40 Light Tank
Panzer IV Assault Group
Vehicle Survival Package
Tungsten Core Ammunition
Selects Pact of Steel
Tiger Heavy Tank
StuG Assault Group
Panzer III L Medium Tank
j-dude117
Bootyquake
0
0
Comments
sign in to comment!
No comments posted yet!